 Dungeon Crawl Stone Soup version 0.29-a0-919-gd064cfad1c (webtiles) character file.

Game seed: 4190687612429859984

212 xian the Shooter (level 5, -12/26 HPs)
             Began as a Vine Stalker Hunter on July 27, 2022.
             Mangled by Pikel
             ... wielding a +1 whip of electrocution
              (18 damage)
             ... on level 4 of the Dungeon.
             The game lasted 00:07:42 (2985 turns).

xian the Shooter (Vine Stalker Hunter)              Turns: 2985, Time: 00:07:43

Health: -12/26     AC:  3    Str: 14    XL:     5   Next: 90%
Magic:  0/6        EV: 12    Int:  9    God:
Gold:   180        SH:  0    Dex: 19    Spells: 4/4 levels left

rFire   . . .      SeeInvis +   a - +0 shortbow
rCold   . . .      Faith    .   (shield currently unavailable)
rNeg    . . .      Spirit   +   c - +0 leather armour
rPois   .          Reflect  .   (no helmet)
rElec   .          Harm     .   (no cloak)
rCorr   .          Rampage  .   (no gloves)
Will    .....                   (no boots)
Stlth   ++........              (no amulet)
HPRegen 0.88/turn               v - ring of see invisible
MPRegen 0.10/turn               u - +4 ring of slaying

@: no status effects
A: fangs 2, regeneration 1, magic shield, antimagic bite, no potion heal 2
a: no special abilities


You were on level 4 of the Dungeon.
You visited 1 branch of the dungeon, and saw 4 of its levels.

You collected 180 gold pieces.

Inventory:

Hand Weapons
 a - a +0 shortbow (weapon)
 e - a +0 dagger of draining
Missiles
 f - 5 poisoned darts
Armour
 c - a +0 leather armour (worn)
 h - a +0 kite shield
Jewellery
 j - a ring of magical power
 u - a +4 ring of slaying (right hand)
 v - a ring of see invisible (left hand)
 w - a ring of positive energy
Wands
 s - a wand of light (4)
Scrolls
 b - 2 scrolls of immolation
 i - 5 scrolls of identify
 k - a scroll of silence {unknown}
 l - a scroll of torment {unknown}
 o - a scroll of teleportation {unknown}
 q - 3 scrolls of enchant weapon
Potions
 d - 3 potions of flight {unknown}
 g - a potion of cancellation {unknown}
 m - 2 potions of lignification {unknown}
 n - 2 potions of haste {unknown}
 p - 3 potions of curing
 r - a potion of might {unknown}
 t - a potion of heal wounds {unknown}


   Skills:
 + Level 2.3 Fighting
 + Level 5.1 Ranged Weapons
 + Level 1.3 Armour
 + Level 2.2 Dodging
 * Level 3.0 Stealth


You had 4 spell levels left.
You didn't know any spells.
Your spell library was empty.

Dungeon Overview and Level Annotations

Branches:
Dungeon (4/15)
 Temple: D:4-7

Altars:

Annotations:
D:3 1 runed translucent door, Crazy Yiuf
D:4 Pikel


Innate Abilities, Weirdness & Mutations

You have extremely sharp teeth.
Your natural rate of healing is unusually fast.
When hurt, damage is shared between your health and your magic reserves.
Your bite disrupts and absorbs the magic of your enemies.
Potions cannot restore your health.


Message History

Aim: Pikel, wielding a +1 whip of electrocution and wearing a +0 robe (wandering, hasn't noticed you, 62% to hit)
You shoot an arrow. The lemure shouts!
The arrow hits the lemure.
The lemure is lightly wounded.
You hear a shout!
Okay, then.
Aiming: Bolt of Light
Press: ? - help, Shift-Dir - straight line, p - Pikel
Okay, then.
The lemure closely misses you.
A lemure comes into view.
The lemure barely misses you. The lemure hits you! Pikel misses you.
Pikel hits you with a +1 whip of electrocution.
Pikel attacks as you move away!
Pikel hits you with a +1 whip of electrocution.
You are electrocuted!
* * * LOW HITPOINT WARNING * * *
As you read the scroll labelled RUVOTIEXAY, it crumbles to dust.
It is a scroll of identify.
q - 3 scrolls of enchant weapon The lemure hits you.
* * * LOW HITPOINT WARNING * * *
It was a potion of curing.
That felt strangely inert.
The lemure hits you.
* * * LOW HITPOINT WARNING * * *
The lemure attacks as you move away! The lemure hits you.
* * * LOW HITPOINT WARNING * * *
Pikel waves his whip at you.
The lemure hits you but does no damage. x2
The lemure attacks as you move away! The lemure hits you.
* * * LOW HITPOINT WARNING * * *
Pikel closely misses you.
There is an escape hatch in the floor here.
You can't go up here!
Pikel hits you with a +1 whip of electrocution.
* * * LOW HITPOINT WARNING * * *
You are electrocuted!!
Ouch! That really hurt!
You die...

### #.# ##############
#.# #........#...# #.#
#........#...# #.##
#.....5..#...# ##..#
#....5K@.#...# #...#
####..####...# ..#.###
###..........#
..#...####....#####...#
..###.........# #...#
..####.....#.## ##...#
.......##..#.# #..###
|#####.......#####.##
..#....#####.K.....#


You could see Pikel and 2 lemures.

Vanquished Creatures
  A lemure (D:3)
  2 orc priests (D:3)
  An orc wizard (D:4)
  Robin (D:2)
  2 adders
  A worm (D:2)
  2 dart slugs
  6 orcs
  5 ball pythons
  9 endoplasms
  4 giant cockroaches
  20 goblins
  7 hobgoblins
  6 bats
  A frilled lizard (D:2)
  7 kobolds
  5 rats
80 creatures vanquished.

Notes
Turn   | Place    | Note
-------+----------+-------------------------------------------
     0 | D:1      | xian the Vine Stalker Hunter began the quest for the Orb.
     0 | D:1      | Reached XP level 1. HP: 11/11 MP: 2/2
   235 | D:1      | Reached XP level 2. HP: 15/15 MP: 3/3
   307 | D:1      | Reached skill level 4 in Ranged Weapons
   468 | D:1      | Reached XP level 3. HP: 18/18 MP: 4/4
   562 | D:1      | Found a faded altar of an unknown god.
  1375 | D:2      | Gained mutation: Your natural rate of healing is unusually
                  | fast. [Vine Stalker growth]
  1375 | D:2      | Reached XP level 4. HP: 23/23 MP: 5/5
  1399 | D:2      | Noticed Robin
  1420 | D:2      | Killed Robin
  2019 | D:3      | Reached skill level 1 in Armour
  2019 | D:3      | Reached XP level 5. HP: 19/26 MP: 6/6
  2352 | D:3      | Reached skill level 5 in Ranged Weapons
  2401 | D:3      | Found a runed translucent door.
  2402 | D:3      | Noticed Crazy Yiuf
  2780 | D:4      | Noticed a lemure
  2800 | D:3      | Killed a lemure
  2957 | D:4      | Noticed a lemure
  2958 | D:4      | Noticed a lemure
  2958 | D:4      | Noticed Pikel
  2971 | D:4      | Noticed a lemure
  2985 | D:4      | Mangled by Pikel

Illustrated notes

Levels and vault maps discovered:
D:1:      dpeg_arrival_tiny_i, layout_rooms,
          chequers_ecumenical_altar_simple_redux
D:2:      minmay_alternating_diamond, layout_basic, serial_glass,
          glass_columns_a, glass_columns_a, serial_park_tiny_1, uniq_robin
D:3:      layout_loops_ring, uniq_crazy_yiuf_cottage
D:4:      layout_rooms, mainiacjoe_overflow_24_doors, minmay_temple_entry_ruins,
          grunt_decor_one_mirror, minmay_between, uniq_pikel

Skill      XL: |  1  2  3  4  5 |
---------------+----------------+-----
Dodging        | 2 |  2.2
Ranged Weapons | 4 5 |  5.1
Fighting       | 2 |  2.3
Stealth        | 2 3 |  3.0
Armour         | 1 |  1.3

Action                   |  1- 3 |  4- 6 || total
-------------------------+-------+-------++-------
Melee: Dagger            |     7 |    24 ||    31
       Bite              |     1 |     8 ||     9
       Punch             |       |     1 ||     1
 Fire: Shortbow          |    91 |   104 ||   195
  Use: Scroll            |       |     1 ||     1
       Potion            |       |     1 ||     1
Armor: Leather armour    |    18 |    20 ||    38
Dodge: Dodged            |    36 |    54 ||    90

Table legend: (Time is in decaauts)
 A = Elapsed time spent in this place.
 B = Non-inter-level travel time spent in this place.
 C = Inter-level travel time spent in this place.
 D = Time resting spent in this place.
 E = Time spent auto-exploring this place.
 F = Levels seen in this place.
 G = Mean time per level.
                   A        B        C        D        E       F      G
               +--------+--------+--------+--------+--------+-----+--------+
         Total |   3040 |   2939 |    101 |      0 |   2382 |   4 |  760.0 |
       Dungeon |   3040 |   2939 |    101 |      0 |   2382 |   4 |  760.0 |
               +--------+--------+--------+--------+--------+-----+--------+

Top non-repeatable levels by time:
     D:3: 1053 daAuts
     D:2: 1041 daAuts
     D:1: 797 daAuts
     D:4: 147 daAuts
